 Dungeon Crawl Stone Soup version 0.25-a0-566-g062765be81 (webtiles) character file.

Game seed: 16962399800813075438, levelgen mode: deterministic

57 kae the Vexing (level 3, -4/14 HPs)
             Began as a Felid Enchanter on Feb 27, 2020.
             Slain by a hound (5 damage)
             ... on level 2 of the Dungeon.
             The game lasted 00:02:09 (2284 turns).

kae the Vexing (Felid Enchanter)                    Turns: 2284, Time: 00:02:10

Health: -4/14      AC:  1    Str:  7    XL:     3   Next: 73%
Magic:  3/7        EV: 19    Int: 16    God:
Gold:   66         SH:  0    Dex: 18    Spells: 3/6 levels left
                                        Lives:  0   Deaths: 0

rFire    . . .     SeeInvis +     - Unarmed
rCold    . . .     Gourm    .   (shield unavailable)
rNeg     . . .     Faith    .   (armour unavailable)
rPois    +         Spirit   .   (helmet unavailable)
rElec    .         Reflect  .   (cloak unavailable)
rCorr    .         Harm     .   (gloves unavailable)
MR       .....                  (boots unavailable)
Stlth    ++++......             (no amulet)
HPRegen  0.04/turn              (no ring)
MPRegen  0.10/turn              (no ring)

@: very slightly contaminated, quick
A: very small, no armour, no weapons or thrown items, stealth, antennae 1, claws
1, fangs 3, thin skeletal structure 1, see invisible, carnivore, speed 1, poison
resistance, shaggy fur 1, slow metabolism 1, strong 1, sharp paws
a: no special abilities


You were on level 2 of the Dungeon.
You were very full.

You visited 1 branch of the dungeon, and saw 2 of its levels.

You collected 66 gold pieces.

Inventory:

Scrolls
 a - a scroll of immolation {unknown}
 d - 2 scrolls of identify
 e - 2 scrolls of enchant armour
 i - a scroll of noise {unknown}
 m - a scroll of fear {unknown}
 n - a scroll of remove curse {unknown}
Potions
 c - a potion of resistance
 g - a potion of berserk rage {unknown}
 h - a potion of curing {unknown}
 k - a potion of heal wounds {unknown}
 l - 2 potions of lignification {unknown}
 o - a potion of invisibility {unknown}
Comestibles
 b - 2 rations


   Skills:
 + Level 3.3 Dodging
 + Level 4.6 Stealth
 + Level 1.8 Unarmed Combat
 + Level 2.4 Spellcasting
 + Level 5.0 Hexes


You had 3 spell levels left.
You knew the following spells:

 Your Spells              Type           Power        Failure   Level  Hunger
a - Corona                Hex            ###....      2%          1    #......
b - Ensorcelled Hibernat  Hex/Ice        #.....       11%         2    ###....

Your spell library contained the following spells:

 Spells                   Type           Power        Failure   Level  Hunger
 Confusing Touch          Hex            ###.....     8%          3    ###....
 Tukima's Dance           Hex            ###.....     8%          3    ###....
 Dazzling Flash           Conj/Hex       #.....       22%         3    ###....


Dungeon Overview and Level Annotations

Branches:
Dungeon (2/15)

Altars:


Innate Abilities, Weirdness & Mutations

You cannot wear armour.
You are incapable of wielding weapons or throwing items.
Your paws allow you to move quietly. (Stealth)
You have sharp claws.
You have razor-sharp teeth.
You have supernaturally acute eyesight. (SInv)
You are carnivorous and can eat meat at any time.
You cover ground quickly.
You are covered in fur. (AC +1)
You have a slow metabolism.
Your sharp claws are effective at attacking unaware monsters.
You have a pair of small antennae on your head.
You have a somewhat thin skeletal structure. (Dex +2, Stealth)
Your system is resistant to poisons. (rPois)
Your muscles are strong. (Str +2)


Message History

The bat closely misses you.
You barely miss the hound.
The hound is severely wounded.
The bat hits you but does no damage. The hound misses you.
You scratch the hound.
The hound is severely wounded.
The hound bites you. The bat misses you. The hound bites you. The bat hits you.
You scratch the hound.
The hound is almost dead.
The bat hits you but does no damage. The hound completely misses you.
You scratch the hound but do no damage. Your bite misses the hound.
The hound is almost dead.
The hound completely misses you. The bat completely misses you.
The hound bites you.
* * * LOW HITPOINT WARNING * * *
It was a potion of mutation.
You feel extremely strange.
You feel stronger. A pair of antennae grows on your head!
You feel resistant to poisons.
Your bones become slightly less dense.
The bat misses you. The hound bites you.
You die...

..,,,,,,,,,* #..###............
##********** #.!.##.########### #
#...##.# # *##########..##.# #
*.............#.#
*.............#.#
*..........%..).#
*............#..#
*.(......b@..!..#
*.....?....h#.!.#**########
*......†....#..............
*?..........##..##########.
*...........##.>...........
################################.
.................................
#########....###################.
#.....'....'...................


You could see a hound and a bat.

Vanquished Creatures
  An adder (D:2)
  An ooze (D:1)
  A worm (D:2)
  2 dart slugs (D:1)
  5 bats
  5 giant cockroaches
  6 goblins
  5 hobgoblins
  3 frilled lizards
  8 rats
37 creatures vanquished.

Notes
Turn   | Place    | Note
-------+----------+-------------------------------------------
     0 | D:1      | kae the Felid Enchanter began the quest for the Orb.
     0 | D:1      | Reached XP level 1. HP: 7/7 MP: 4/4
   242 | D:1      | Reached XP level 2. HP: 11/11 MP: 6/6
   410 | D:1      | Learned a level 2 spell: Ensorcelled Hibernation
   965 | D:1      | Reached XP level 3. HP: 14/14 MP: 7/7
  2212 | D:2      | Reached skill level 5 in Hexes
  2284 | D:2      | Gained mutation: Your muscles are strong. (Str +2) [potion
                  | of mutation]
  2284 | D:2      | Gained mutation: You have a pair of small antennae on your
                  | head. [potion of mutation]
  2284 | D:2      | Gained mutation: Your system is resistant to poisons.
                  | (rPois) [potion of mutation]
  2284 | D:2      | Gained mutation: You have a somewhat thin skeletal
                  | structure. (Dex +2, Stealth) [potion of mutation]
  2284 | D:2      | Slain by a hound

Levels and vault maps discovered:
D:1:      minmay_arrival_four_circles, layout_loops_ring, minmay_tetromino_o2
D:2:      layout_basic, first_ration

Skill      XL: |  1  2  3 |
---------------+----------+-----
Dodging        | 3 |  3.3
Hexes          | 5 |  5.0
Stealth        | |  4.6
Unarmed Combat | |  1.8
Spellcasting   | |  2.4

Action                   || total
-------------------------++-------
Melee: Unarmed           ||   110
       Bite              ||     7
       Punch             ||     1
 Cast: Ensorcelled Hiber ||    11
       Corona            ||     4
  Use: Scroll            ||     7
       Potion            ||     1
 Stab: Sleeping          ||    21
  Eat: Chunk             ||    10
Armor: Skin              ||     6
Dodge: Dodged            ||   106

Table legend:
 A = Non-vault XP
 B = Vault XP
 C = Vault XP percentage of total XP
 D = Non-vault monster count
 E = Vault monster count
 F = Vault count percentage of total count
                 A         B        C        D         E       F
            +---------+---------+-------+---------+---------+-------
      Total |      73 |       9 |  11.0 |      35 |       2 |   5.4
            +---------+---------+-------+---------+---------+-------
        D:1 |      36 |       9 |  20.0 |      20 |       2 |   9.1
        D:2 |      37 |       0 |   0.0 |      15 |       0 |   0.0
            +---------+---------+-------+---------+---------+-------
